 Dungeon Crawl Stone Soup version 0.30-b1-2-g02819fbbbe (webtiles) character file.

Game seed: 17250745947122181973

7821 funkygono the Cleaver (level 11, -1/97 HPs)
             Began as a Minotaur Fighter on June 7, 2023.
             Was a Priest of Okawaru.
             Slain by an orc warrior
             ... wielding a +0 trident
              (11 damage)
             ... on level 10 of the Dungeon.
             The game lasted 00:16:25 (9877 turns).

funkygono the Cleaver (Minotaur Fighter)            Turns: 9877, Time: 00:16:25

Health: -1/97      AC: 23    Str: 26    XL:     11   Next: 1%
Magic:  5/10       EV:  9    Int:  5    God:    Okawaru [***...]
Gold:   607        SH:  6    Dex:  9    Spells: 10/10 levels left

rFire   . . .        a - +1 war axe
rCold   + . .        c - +0 buckler
rNeg    . . .        o - +0 plate armour
rPois   .            (helmet restricted)
rElec   .            p - +2 cloak
rCorr   .            I - +1 pair of gloves
SInv    .            (no boots)
Will    +....        (no amulet) Stlth
                     s - ring of protection from cold
HPRegen 0.36/turn    w - ring of willpower
MPRegen 0.12/turn

%: no passive effects
@: heroic
A: horns 2, retaliatory headbutt
a: Renounce Religion, Heroism


You were on level 10 of the Dungeon.
You worshipped Okawaru.
Okawaru was most pleased with you.
You visited 2 branches of the dungeon, and saw 11 of its levels.

You collected 607 gold pieces.

Inventory:

Hand Weapons
 a - a +1 war axe (weapon)
Missiles
 b - 2 javelins
 f - 15 poisoned darts
 i - 2 throwing nets
 v - 11 atropa-tipped darts
 E - 3 boomerangs
 G - 27 stones (quivered)
Armour
 c - a +0 buckler (worn)
 m - the +1 Delatra's gloves {ID++}
   (You found it on level 2 of the Dungeon)

   ID++:      It heals its wearer when they drink unknown potions, and restores
   their MP when they read unknown scrolls.
 o - a +0 plate armour (worn)
 p - a +2 cloak (worn)
 I - a +1 pair of gloves (worn)
Jewellery
 s - a ring of protection from cold (left hand)
 w - a ring of willpower (right hand)
 y - a ring of magical power
 C - the amulet of Elemental Vulnerability {rPois rF-- rC-- AC+8}
   (You found it on level 6 of the Dungeon)

   [amulet of nothing]

   AC:        It affects your AC (+8).
   rF:        It makes you very vulnerable to fire.
   rC:        It makes you very vulnerable to cold.
   rPois:     It protects you from poison.
 D - a ring of flight
 K - an amulet of guardian spirit
Wands
 t - a wand of iceblast (13)
 B - a wand of digging (5)
 L - a wand of light (5)
Scrolls
 d - a scroll of enchant armour
 e - a scroll of vulnerability
 k - a scroll of poison {unknown}
 l - 2 scrolls of immolation
 A - 6 scrolls of teleportation
 J - 2 scrolls of identify
Potions
 g - a potion of magic
 h - 4 potions of curing
 j - 5 potions of attraction
 n - a potion of berserk rage
 q - a potion of cancellation
 r - 2 potions of brilliance
 u - a potion of mutation
 x - 5 potions of heal wounds
 z - 3 potions of haste
 F - 3 potions of flight
 H - 2 potions of might


   Skills:
 + Level 9.4(14.4) Fighting
 + Level 13.2(18.2) Axes
 + Level 3.8(8.8) Throwing
 + Level 10.4(15.4) Armour
 + Level 1.7(6.7) Dodging
 + Level 0.6(5.6) Stealth
 + Level 7.4(12.4) Shields
 + Level 1.3 Invocations


You had 10 spell levels left.
You didn't know any spells.
Your spell library contained the following spells:

 Spells                   Type           Power      Damage    Failure   Level
 Magic Dart               Conj           0%         1d3       98%         1
 Necrotise                Necr           0%         1d4       98%         1
 Shock                    Conj/Air       0%         1d3       98%         1
 Ensorcelled Hibernation  Hex/Ice        0%         N/A       99%         2
 Passwall                 Tmut/Erth      0%         N/A       99%         2
 Scorch                   Fire           0%         2d5       99%         2
 Mephitic Cloud           Conj/Pois/Air  0%         N/A       100%        3
 Ozocubu's Armour         Ice            0%         N/A       100%        3
 Swiftness                Air            0%         N/A       100%        3
 Vhi's Electric Charge    Tloc/Air       0%         N/A       100%        3
 Flame Wave               Conj/Fire      0%         2d4       100%        4
 Iron Shot                Conj/Erth      0%         9d1       100%        6
 Ozocubu's Refrigeration  Ice            0%         4d7       100%        7
 Call Imp                 Summ           Unusable   N/A       N/A         2
 Summon Cactus Giant      Summ           Unusable   N/A       N/A         6
 Spellforged Servitor     Conj/Summ      Unusable   N/A       N/A         7

Dungeon Overview and Level Annotations

Branches:
Dungeon (10/15)            Temple (1/1) D:6             Orc (0/2) D:10
   Lair: D:8-11

Altars:
Ashenzari
Cheibriados
Dithmenos
Elyvilon
Fedhas
Gozag
Hepliaklqana
Kikubaaqudgha
Makhleb
Nemelex Xobeh
Okawaru
Qazlal
Ru
Sif Muna
Trog
Uskayaw
Vehumet
Wu Jian
Xom
Yredelemnul
Zin
The Shining One

Shops:
D:8 *


Innate Abilities, Weirdness & Mutations

You have a pair of horns on your head.
You reflexively headbutt those who attack you in melee.


Message History

Unknown command.
You slash the troll!
The troll is heavily wounded.
The troll barely misses you. You block the troll's attack.
The troll closely misses you.
You gain the combat prowess of a mighty hero.
You block the troll's attack. x2; The troll claws you but does no damage.
You closely miss the troll.
The troll is heavily wounded.
You slash the troll!
The troll is severely wounded.
The troll bites you but does no damage.
The troll claws you but does no damage. x2
You slash the troll!
You kill the troll!
Okawaru accepts your kill.
The troll leather armour is intact enough to wear.
You have reached level 11!
You slash the ogre!
The ogre is severely wounded.
The ogre hits you with a +0 giant club!!
* * * LOW HITPOINT WARNING * * *
You slash the ogre!
You kill the ogre!
Okawaru accepts your kill.
The orc warrior shoots a bolt.
The bolt hits you!
* * * LOW HITPOINT WARNING * * *
You feel more confident with your borrowed prowess.
The gnoll sergeant barely misses you.
The orc warrior shoots a bolt.
The bolt hits you but does no damage. You block the orc warrior's attack.
The gnoll sergeant hits you with a +0 spear.
* * * LOW HITPOINT WARNING * * *
The orc warrior unwields a +0 arbalest.
The orc warrior wields a +0 scimitar.
You block the orc warrior's attack.
Items here: ))) [[[ †††.
You slice the gnoll sergeant!!
The gnoll sergeant is almost dead.
You closely miss the orc warrior.
The orc warrior hits you from afar with a +0 trident!
You die...

#.ogoo######>...##
#.oo.o#.####....##
TgO.o#...........
...8#...........
#####T###...........
#o.gog..............
#o#######...........
#og##...............
##o@................
#####....#######...
##....####.# ##+
#......#...#
#......#)..#
#......'...#
#......#...#
#......#...#
############


You could see 2 orc warriors, a gnoll sergeant and 2 orcs.

Vanquished Creatures
  3 two-headed ogres
  A troll (D:10)
  A hornet (D:7)
  3 wyverns
  2 wraiths
  Eustachio (D:6)
  Menkaure (D:4)
  An acid dragon (D:8)
  2 water moccasins
  A black bear (D:5)
  4 orc warriors
  2 sky beasts
  6 ogres
  5 centaurs
  A phantom (D:6)
  6 kobold brigands
  6 bullfrogs
  3 gnoll sergeants
  6 scorpions
  A wight (D:7)
  4 howler monkeys
  8 hounds
  2 orc priests
  Crazy Yiuf (D:2)
  4 jellies
  2 gnoll boudas
  Jessica (D:2)
  2 iguanas (D:7)
  2 sleepcaps (D:5)
  Ijyb (D:4)
  6 orc wizards
  Robin (D:2)
  18 gnolls
  6 adders
  2 shadow imps
  3 white imps
  2 ufetubi
  A worm (D:4)
  A dart slug (D:2)
  30 orcs
  5 bats
  7 endoplasms
  3 giant cockroaches
  16 goblins
  11 hobgoblins
  4 jackals
  9 kobolds
  A quokka (D:5)
  4 ball pythons
  3 frilled lizards
  2 rats
218 creatures vanquished.

Vanquished Creatures (others)
  An orc wizard (D:8)
  A goblin (D:4)
2 creatures vanquished.

Grand Total: 220 creatures vanquished

Notes
Turn   | Place    | Note
-------+----------+-------------------------------------------
     0 | D:1      | funkygono the Minotaur Fighter began the quest for the Orb.
     0 | D:1      | Reached XP level 1. HP: 19/19 MP: 0/0
    55 | D:1      | Reached XP level 2. HP: 27/27 MP: 1/1
   673 | D:1      | Reached skill level 3 in Axes
   860 | D:2      | Reached XP level 3. HP: 32/33 MP: 2/2
   888 | D:2      | Noticed Robin
   971 | D:2      | Killed Robin
  1016 | D:2      | Found the +1 Delatra's gloves {ID++}
  1189 | D:2      | Noticed Jessica
  1197 | D:2      | Killed Jessica
  1198 | D:2      | Reached skill level 4 in Axes
  1198 | D:2      | Reached XP level 4. HP: 40/40 MP: 3/3
  1404 | D:2      | Found a runed translucent door.
  1405 | D:2      | Noticed Crazy Yiuf
  1500 | D:2      | Killed Crazy Yiuf
  1817 | D:3      | Noticed a sky beast
  1822 | D:3      | Reached skill level 5 in Axes
  1822 | D:3      | Reached XP level 5. HP: 46/46 MP: 4/4
  1842 | D:3      | Killed a sky beast
  1843 | D:3      | Reached XP level 6. HP: 30/53 MP: 5/5
  2044 | D:3      | Found a glowing golden altar of the Shining One.
  2059 | D:3      | Reached skill level 6 in Axes
  2428 | D:4      | Reached skill level 5 in Armour
  2567 | D:4      | Noticed Menkaure
  2579 | D:4      | Killed Menkaure
  2580 | D:4      | Reached XP level 7. HP: 27/60 MP: 6/6
  2789 | D:4      | Reached skill level 5 in Fighting
  2789 | D:4      | Reached skill level 7 in Axes
  3038 | D:4      | Noticed Ijyb
  3056 | D:4      | Killed Ijyb
  3206 | D:4      | Found an ornate altar of the Wu Jian Council.
  3597 | D:5      | Entered Level 5 of the Dungeon
  3609 | D:5      | Reached skill level 1 in Throwing
  3723 | D:5      | Reached skill level 8 in Axes
  3781 | D:5      | Reached skill level 1 in Dodging
  3781 | D:5      | Reached XP level 8. HP: 50/70 MP: 7/7
  4093 | D:5      | Reached skill level 9 in Axes
  4292 | D:5      | Found an opulent altar of Gozag.
  4616 | D:5      | Got the Octavo of the Four Underlurkers
  4793 | D:5      | Got An Induction into Witchcraft
  4816 | D:5      | Reached skill level 5 in Shields
  5137 | D:6      | Found the amulet of Elemental Vulnerability {rPois rF--
                  | rC-- AC+8}
  5190 | D:6      | Found a staircase to the Ecumenical Temple.
  5208 | Temple   | Entered the Ecumenical Temple
  5215 | Temple   | Became a worshipper of Warmaster Okawaru
  5539 | D:6      | Noticed Eustachio
  5566 | D:6      | Killed Eustachio
  5567 | D:6      | Reached skill level 10 in Axes
  5567 | D:6      | Reached XP level 9. HP: 41/79 MP: 8/8
  6305 | D:7      | Found a shimmering altar of Xom.
  6467 | D:7      | Found a burning altar of Makhleb.
  6469 | D:7      | Found a sparkling altar of Nemelex Xobeh.
  6473 | D:7      | Found a hazy altar of Hepliaklqana.
  6589 | D:7      | Found an ancient bone altar of Kikubaaqudgha.
  7003 | D:7      | Reached * piety under Okawaru
  7153 | D:7      | Reached skill level 11 in Axes
  7406 | D:8      | Found Vaexebra's Neck Hole.
  7424 | D:8      | Reached XP level 10. HP: 85/88 MP: 9/9
  7533 | D:8      | Noticed a two-headed ogre
  7559 | D:8      | Killed a two-headed ogre
  7560 | D:8      | Reached skill level 12 in Axes
  7692 | D:8      | Reached ** piety under Okawaru
  8385 | D:9      | Found a broken altar of Ashenzari.
  8689 | D:9      | Noticed a two-headed ogre
  8704 | D:9      | Killed a two-headed ogre
  8958 | D:9      | Found a sacrificial altar of Ru.
  8959 | D:9      | Found a snail-covered altar of Cheibriados.
  9168 | D:9      | Found a blossoming altar of Fedhas.
  9401 | D:10     | Entered Level 10 of the Dungeon
  9492 | D:10     | Noticed a two-headed ogre
  9510 | D:10     | Killed a two-headed ogre
  9510 | D:10     | Reached *** piety under Okawaru
  9511 | D:10     | Reached skill level 13 in Axes
  9511 | D:10     | Reached skill level 10 in Armour
  9800 | D:10     | Found a staircase to the Orcish Mines.
  9815 | D:10     | Reached skill level 1 in Invocations
  9873 | D:10     | Reached XP level 11. HP: 39/97 MP: 6/10
  9877 | D:10     | Slain by an orc warrior

Illustrated notes

Levels and vault maps discovered:
D:1:      scummos_arrival_simple_crosswalls, layout_basic
D:2:      layout_basic, kennysheep_generic_room_8, uniq_jessica, uniq_robin,
          uniq_crazy_yiuf_cottage
D:3:      minmay_chambers_of_threes, layout_basic, tso_metal_star,
          grunt_decor_fettered
D:4:      kennysheep_the_goblin_king, layout_basic,
          pdpol_wu_jian_five_deadly_venoms, uniq_menkaure
D:5:      minmay_recursive_quarters, layout_basic, kennysheep_little_box,
          nicolae_fountain_basement
D:6:      layout_cave_pods, temple_statues, amcnicky_mini_pool_small,
          uniq_eustachio
D:7:      cheibrodos_barr_body, layout_cave_pods, general_overflow_altar,
          marbit_many_paths, grunt_temple_overflow_open
D:8:      layout_basic, nicolae_shop_sticking_my_neck_out
D:9:      layout_loops_corners, overflow_temple_1_default,
          mainiacjoe_overflow_paths, minitemple
D:10:     layout_gridville, dpeg_oklobed_lair,
          kennysheep_orc_monster_closet_entryway
Temple:   eino_temple_lava

Skill      XL: |  1  2  3  4  5  6  7  8  9 10 |
---------------+-------------------------------+-----
Armour         | 4 5 7 8 10 | 10.4
Axes           | 3 4 5 6 8 10 11 13 | 13.2
Fighting       | 4 5 7 8 9 |  9.4
Shields        | 4 5 6 7 |  7.4
Throwing       | 1 2 3 |  3.8
Dodging        | 1 |  1.7
Invocations    | 1 |  1.3
Stealth        | |  0.6

Action                     |  1- 3 |  4- 6 |  7- 9 | 10-12 || total
---------------------------+-------+-------+-------+-------++-------
  Melee: War axe           |    74 |    77 |   298 |   176 ||   625
         Headbutt          |     5 |    11 |    57 |    31 ||   104
  Throw: Stone             |     7 |    12 |    14 |     6 ||    39
         Dart              |     1 |       |    29 |       ||    30
         Throwing net      |       |       |     3 |       ||     3
         Javelin           |       |       |     2 |       ||     2
 Invoke: Heroism           |       |       |     3 |     7 ||    10
    Use: Potion            |       |     1 |       |     2 ||     3
         Scroll            |       |       |    17 |     2 ||    19
 Armour: Scale mail        |    26 |       |       |       ||    26
         Chain mail        |    19 |     2 |       |       ||    21
         Plate armour      |       |    50 |   225 |    89 ||   364
  Dodge: Dodged            |    39 |    15 |   127 |    55 ||   236
  Block: Buckler           |    15 |    17 |    62 |    43 ||   137
